 Dungeon Crawl Stone Soup version 0.31-a0-703-gcfe89afef6 (webtiles) character file.

Game seed: 14897785035583033809

19698 demibob the Executioner (level 12, -18/110 HPs)
             Began as a Hill Orc Chaos Knight on Sept 8, 2023.
             Was a Plaything of Xom.
             Demolished by an azure jelly (33 damage)
             ... on level 2 of the Lair of Beasts.
             The game lasted 00:15:53 (10792 turns).

demibob the Executioner (Hill Orc Chaos Knight)    Turns: 10792, Time: 00:15:56

Health: -18/110    AC: 21    Str: 26    XL:     12   Next: 71%
Magic:  12/12      EV:  9    Int: 10    God:    Xom [......]
Gold:   820        SH:  0    Dex: 12    Spells: 11/11 levels left

rFire   . . .        a - +5 executioner's axe of Gutus {flame, *Rage Str+6 Int+2}
rCold   . . .        (shield currently unavailable)
rNeg    . . .        g - +0 chain mail
rPois   +            (no helmet)
rElec   .            E - +0 cloak
rCorr   .            u - +0 pair of gloves
SInv    +            B - +0 pair of boots
Will    .....        (no amulet) Stlth
                     T - +4 ring of protection
HPRegen 0.38/turn    (no ring)
MPRegen 0.13/turn

%: random rage (20%)
@: about to teleport
A: iridescent scales 1, thin skeletal structure 1, see invisible, dopey 2,
poison resistance, screaming 1
a: Renounce Religion


You were on level 2 of the Lair of Beasts.
You worshipped Xom.
You were a very special plaything of Xom.
You visited 2 branches of the dungeon, and saw 13 of its levels.

You collected 820 gold pieces.


Innate Abilities, Weirdness & Mutations

You are partially covered in iridescent scales. (AC +2)
You have a somewhat thin skeletal structure. (Dex +2, Stealth+)
You have supernaturally acute eyesight. (SInv)
You are very dopey. (Int -4)
Your system is resistant to poisons. (rPois)
You occasionally shout uncontrollably at your foes.


   Skills:
 + Level 11.2 Fighting
 * Level 21.0 Axes
 + Level 10.0 Armour
 - Level 0.7 Dodging


You had 11 spell levels left.
You didn't know any spells.
Your spell library contained the following spells:

 Spells                   Type           Power      Damage    Failure   Level
 Sting                    Tmut/Pois      0%         1d3       82%         1
 Ensorcelled Hibernation  Hex/Ice        0%         N/A       91%         2
 Passwall                 Tmut/Erth      0%         N/A       91%         2
 Poisonous Vapours        Pois/Air       0%         N/A       91%         2
 Wereblood                Tmut           0%         N/A       91%         2
 Dazzling Flash           Conj/Hex       0%         N/A       99%         3
 Summon Guardian Golem    Hex/Summ       0%         N/A       99%         3
 Swiftness                Air            0%         N/A       99%         3
 Animate Dead             Necr           0%         N/A       100%        4
 Olgreb's Toxic Radiance  Pois           0%         N/A       100%        4
 Agony                    Necr           0%         N/A       100%        5
 Irradiate                Conj/Tmut      0%         3d11      100%        5
 Silence                  Hex/Air        0%         N/A       100%        5
 Haunt                    Necr/Summ      0%         N/A       100%        7
 Orb of Destruction       Conj           0%         9d5       100%        7
 Spellforged Servitor     Conj/Summ      0%         N/A       100%        7
 Infestation              Necr           0%         N/A       100%        8

Inventory:

Hand Weapons
 a - the +5 executioner's axe of Gutus (weapon) {flame, *Rage Str+6 Int+2}
   (You acquired it on level 1 of the Dungeon)

   Str+6:     It affects your strength (+6).
   Int+2:     It affects your intelligence (+2).
   *Rage:     It berserks you when you make melee attacks (+20% chance).
 b - a +0 hand axe of chaos
Armour
 g - a +0 chain mail (worn)
 u - a +0 pair of gloves (worn)
 B - a +0 pair of boots (worn)
 E - a +0 cloak (worn)
Jewellery
 c - a ring of protection from cold
 t - an amulet of magic regeneration
 v - a ring of see invisible
 F - a ring of protection from fire
 M - a ring of magical power
 N - a ring of positive energy
 T - a +4 ring of protection (left hand)
Wands
 j - a wand of flame (50)
 y - a wand of digging (13)
 A - a wand of mindburst (3)
Scrolls
 h - 3 scrolls of enchant weapon
 k - 4 scrolls of immolation
 l - 2 scrolls of fog
 m - 3 scrolls of enchant armour
 n - 3 scrolls of teleportation {@r2}
 r - a scroll of torment
 s - 3 scrolls of amnesia
 D - 2 scrolls of brand weapon
Potions
 d - 2 potions of brilliance
 e - 2 potions of curing {@q1}
 f - a potion of ambrosia
 i - 2 potions of heal wounds {@q2}
 o - a potion of attraction
 p - a potion of cancellation
 q - 2 potions of lignification
 w - a potion of haste {@q3}
 x - 3 potions of invisibility
 z - a potion of mutation

Dungeon Overview and Level Annotations

Branches:
Dungeon (11/15)            Temple (0/1) D:4            Lair (2/5) D:11
    Orc (0/2) D:11
  Swamp: Lair:2-3    Shoals: Lair:2-3     Snake: Lair:2-3    Spider: Lair:2-3

Altars:
Sif Muna
Yredelemnul
Zin
The Shining One

Portals:
Abyss: D:11

Annotations:
D:11 2 transporters, 0gre's ghost, journeyman GnIE

..............#
................
.........bb........#
..........b.bb....#
#P......bb.bbb..# ##
#.......bbb.b..##..
#..bb..bbbbb..#...
#...bbbbbJbb#...#
#....bbb@bbl...#
#.....b...b....#
###.###.......##.#
#...# ##.###..P# #
##..## ### #..##
######....# # #..#
........####.### ...#
................ ....
.####P...............#


You could see an azure jelly (ally target) and a basilisk (ally target).


Message History

The azure jelly hits you but does no damage.
The azure jelly hits you but does no damage. x4
You turn to flesh and can move again.
As you read the scroll of butterflies, it crumbles to dust.
You hear the flapping of tiny wings.
The azure jelly is knocked back by the sudden gust.
You feel much better. The azure jelly hits your butterfly.
Your butterfly dies!
Your butterfly disappears in a burst of colours!
A basilisk comes into view.
You slice the azure jelly!! You burn the azure jelly!
The azure jelly is severely wounded.
The azure jelly hits you but does no damage.
The azure jelly hits you. The azure jelly freezes you!!!
* * * LOW HITPOINT WARNING * * *
The azure jelly hits you!
* * * LOW HITPOINT WARNING * * *
The azure jelly barely misses you. The basilisk gazes at you.
Your butterfly is moving more slowly.
The azure jelly hits your butterfly!
Your butterfly dies!
Your butterfly disappears in a burst of colours!
As you read the scroll of teleportation {@r2}, it crumbles to dust.
You feel strangely unstable. The azure jelly hits you.
* * * LOW HITPOINT WARNING * * *
The azure jelly freezes you!!
You die...
Xom chuckles heartily!

Skill      XL: |  1  2  3  4  5  6  7  8  9 10 11 12 |
---------------+-------------------------------------+-----
Axes           | 5 6 7 8 10 12 14 16 18 19 21 | 21.0
Fighting       | 6 8 10 11 | 11.2
Armour         | 4 6 8 10 | 10.0
Dodging        | |  0.7

Action                     |  1- 3 |  4- 6 |  7- 9 | 10-12 || total
---------------------------+-------+-------+-------+-------++-------
  Melee: Hand axe          |    56 |       |       |       ||    56
         Punch             |     1 |       |       |       ||     1
         Executioner's axe |     8 |    92 |   143 |   257 ||   500
  Evoke: Wand              |       |       |       |     8 ||     8
    Use: Scroll            |     5 |     7 |     6 |    10 ||    28
         Potion            |       |       |       |     4 ||     4
   Stab: Paralysed         |     1 |       |       |       ||     1
         Distracted        |       |       |     1 |     1 ||     2
         Invisible         |       |       |       |     9 ||     9
 Armour: Leather armour    |    19 |       |       |       ||    19
         Chain mail        |    22 |    82 |   145 |   250 ||   499
  Dodge: Dodged            |    32 |    31 |    65 |   113 ||   241

Levels and vault maps discovered:
D:1:      zaba_arrival_water, layout_rooms
D:2:      cheibrodos_old_hovel, layout_loops_ring, minmay_tripent, uniq_terence
D:3:      layout_loops_corners, amcnicky_altar_gilded, basic_ecumenical_altar
D:4:      layout_cave_pools, minmay_temple_entry_arrows, minmay_between
D:5:      layout_basic, mainiacjoe_overflow_brackets
D:6:      layout_loops_corners, minivault_10, serial_bayou_pond_e,
          eino_small_chamber_without_monster, minmay_misc_feat_hallway,
          chequers_mini_garden, minmay_misc_feat_diagonals, minivault_24,
          minmay_three_doors
D:7:      minmay_chambers_of_fours, layout_gridville,
          chequers_temple_overflow_statue_of_worship
D:8:      layout_basic, uniq_jeremiah, uniq_joseph, uniq_prince_ribbit1
D:9:      argonaut_augean_stables, layout_basic, uniq_amaemon
D:10:     layout_gridville, kennysheep_path_1
D:11:     layout_loops_cross, erik_lair_orcish_takeover, david_orc_2,
          gammafunk_ghost_abyssal_escape, skrybe_limestone_x, uniq_erolcha
Lair:1:   layout_cave_pods
Lair:2:   beast_lair_carwin_large_4, layout_cave_pods,
          alex1729_snake_entry_snake

Notes
Turn   | Place    | Note
-------+----------+-------------------------------------------
     0 | D:1      | demibob the Hill Orc Chaos Knight began the quest for the
                  | Orb.
     0 | D:1      | Reached XP level 1. HP: 19/19 MP: 1/1
    50 | D:1      | Reached XP level 2. HP: 18/26 MP: 2/2
   134 | D:1      | Reached skill level 5 in Axes
   322 | D:1      | XOM: silly message
   382 | D:1      | Reached XP level 3. HP: 27/31 MP: 3/3
   515 | D:1      | Identified a scroll of acquirement
   515 | D:1      | Acquired the +5 executioner's axe of Gutus {flame, *Rage
                  | Str+6 Int+2}
   546 | D:2      | Reached skill level 6 in Axes
   546 | D:2      | Reached XP level 4. HP: 39/39 MP: 4/4
   594 | D:2      | XOM: silly message
   788 | D:2      | Reached skill level 7 in Axes
   794 | D:2      | Noticed Terence
   798 | D:2      | XOM: potion effect (haste)
   800 | D:2      | Killed Terence
   801 | D:2      | Reached XP level 5. HP: 45/45 MP: 5/5
  1427 | D:3      | Reached skill level 8 in Axes
  1660 | D:3      | Found a faded altar of an unknown god.
  1776 | D:3      | Reached XP level 6. HP: 26/51 MP: 6/6
  1778 | D:3      | Reached skill level 9 in Axes
  1889 | D:3      | Found a glowing silver altar of Zin.
  1958 | D:3      | XOM: divination: magic mapping
  2089 | D:3      | XOM: silly message
  2283 | D:3      | XOM: divination: magic mapping
  2396 | D:4      | Found a staircase to the Ecumenical Temple.
  2481 | D:4      | Reached skill level 10 in Axes
  2481 | D:4      | Reached XP level 7. HP: 56/57 MP: 7/7
  2614 | D:4      | XOM is BORED!
  2614 | D:4      | XOM: silly message
  2863 | D:5      | Entered Level 5 of the Dungeon
  3048 | D:5      | Reached skill level 11 in Axes
  3070 | D:5      | Found a glowing golden altar of the Shining One.
  3263 | D:5      | Reached skill level 12 in Axes
  3263 | D:5      | Reached XP level 8. HP: 64/64 MP: 8/8
  3407 | D:5      | XOM is BORED!
  3407 | D:5      | XOM: noise
  3766 | D:6      | Reached skill level 13 in Axes
  3796 | D:6      | Noticed a kobold demonologist
  3796 | D:6      | XOM: noise
  3796 | D:6      | Noticed a kobold demonologist
  3800 | D:6      | Killed a kobold demonologist
  3803 | D:6      | Noticed an ice devil
  3803 | D:6      | Killed a kobold demonologist
  3804 | D:6      | Reached skill level 14 in Axes
  3804 | D:6      | Reached XP level 9. HP: 70/70 MP: 9/9
  3853 | D:6      | XOM: silly message
  3856 | D:6      | XOM: 8-stop teleportation journey
  3911 | D:6      | XOM: 1-stop teleportation journey
  3987 | D:6      | Reached skill level 4 in Fighting
  3987 | D:6      | Reached skill level 15 in Axes
  4033 | D:6      | Reached skill level 3 in Armour
  4320 | D:6      | XOM: god gift: 10 gold pieces
  4414 | D:6      | XOM: 2-stop teleportation journey
  4687 | D:6      | XOM: 1-stop teleportation journey
  4704 | D:6      | XOM: cloud trail
  4768 | D:6      | XOM: summons friendly iron imp
  4828 | D:6      | XOM: give mutations
  4828 | D:6      | Gained mutation: You have an increased reservoir of magic.
                  | (+10% MP) [Xom's grace]
  4828 | D:6      | Gained mutation: You are partially covered in iridescent
                  | scales. (AC +2) [Xom's grace]
  4828 | D:6      | Gained mutation: You have a pair of small antennae on your
                  | head. [Xom's grace]
  4856 | D:6      | XOM: give mutations
  4856 | D:6      | Gained mutation: You have supernaturally acute eyesight.
                  | (SInv) [Xom's grace]
  4856 | D:6      | Gained mutation: You have a somewhat thin skeletal
                  | structure. (Dex +2, Stealth+) [Xom's grace]
  4873 | D:7      | XOM: 1-stop teleportation journey
  5060 | D:7      | Reached skill level 5 in Fighting
  5204 | D:7      | Reached skill level 4 in Armour
  5265 | D:7      | XOM: 7-stop teleportation journey
  5338 | D:7      | XOM: summons 4 friendly demons
  5339 | D:7      | Reached skill level 16 in Axes
  5405 | D:7      | Found a shimmering blue altar of Sif Muna.
  5407 | D:7      | Found a basalt altar of Yredelemnul.
  5508 | D:7      | XOM: chaos cloud
  5559 | D:7      | Reached skill level 6 in Fighting
  5559 | D:7      | Reached XP level 10. HP: 83/83 MP: 11/11
  5840 | D:8      | Noticed Prince Ribbit
  5845 | D:8      | Killed Prince Ribbit
  5846 | D:8      | Reached skill level 5 in Armour
  5903 | D:8      | XOM is BORED!
  5903 | D:8      | XOM: 2-stop teleportation journey
  6086 | D:8      | Noticed Jeremiah
  6109 | D:8      | XOM: summons friendly quasit
  6116 | D:8      | Killed Jeremiah
  6139 | D:8      | XOM: divination: detect items
  6308 | D:8      | Noticed Joseph
  6321 | D:8      | Killed Joseph
  6322 | D:8      | Reached skill level 7 in Fighting
  6322 | D:8      | Reached skill level 17 in Axes
  6392 | D:8      | XOM: give mutation
  6392 | D:8      | Lost mutation: You have an increased reservoir of magic.
                  | (+10% MP) [Xom's mischief]
  6634 | D:9      | XOM: 1-stop teleportation journey
  6638 | D:9      | Noticed a kobold demonologist
  6639 | D:9      | Noticed a kobold demonologist
  6644 | D:9      | Reached skill level 6 in Armour
  6644 | D:9      | Noticed an orange demon
  6644 | D:9      | Killed a kobold demonologist
  6646 | D:9      | Killed a kobold demonologist
  6859 | D:9      | XOM: potion effect (invisibility)
  6862 | D:9      | XOM: enchant monster (good)
  6874 | D:9      | Reached skill level 8 in Fighting
  6877 | D:9      | Reached skill level 18 in Axes
  6877 | D:9      | Reached XP level 11. HP: 86/94 MP: 11/11
  7060 | D:9      | Reached skill level 7 in Armour
  7160 | D:9      | Noticed Amaemon
  7168 | D:9      | Killed Amaemon
  7169 | D:9      | XOM: 3-stop teleportation journey
  7466 | D:9      | Reached skill level 9 in Fighting
  7499 | D:9      | XOM is BORED!
  7499 | D:9      | XOM: give mutation
  7499 | D:9      | Gained mutation: You occasionally shout uncontrollably at
                  | your foes. [Xom's mischief]
  7642 | D:9      | Reached skill level 8 in Armour
  7674 | D:9      | XOM: give mutations
  7674 | D:9      | Gained mutation: You are dopey. (Int -2) [Xom's mischief]
  7674 | D:9      | Gained mutation: Your system is resistant to poisons.
                  | (rPois) [Xom's mischief]
  7674 | D:9      | Gained mutation: You are very dopey. (Int -4) [Xom's
                  | mischief]
  7674 | D:9      | Lost mutation: You have a pair of small antennae on your
                  | head. [Xom's mischief]
  7698 | D:9      | Noticed a two-headed ogre
  7701 | D:9      | Killed a two-headed ogre
  7702 | D:9      | Reached skill level 19 in Axes
  7773 | D:9      | XOM: 1-stop teleportation journey
  7916 | D:9      | XOM: noise
  7917 | D:9      | XOM: summons 1 hostile shadow creature
  8037 | D:10     | Entered Level 10 of the Dungeon
  8135 | D:10     | XOM: 9-stop teleportation journey
  8432 | D:11     | Noticed Erolcha
  8441 | D:11     | Killed Erolcha
  8442 | D:11     | Reached skill level 10 in Fighting
  8442 | D:11     | Reached XP level 12. HP: 106/106 MP: 12/12
  8477 | D:11     | Found a staircase to the Orcish Mines.
  8483 | D:11     | XOM: destruction
  8489 | D:11     | Reached skill level 9 in Armour
  8674 | D:11     | Found a staircase to the Lair.
  8680 | D:11     | Reached skill level 20 in Axes
  9002 | D:11     | Noticed 0gre's ghost (journeyman GnIE)
  9039 | D:11     | Found a one-way gate to the infinite horrors of the Abyss.
  9041 | D:11     | Found a transporter.
  9050 | D:11     | Found the +18 shield of the Gong {Loud rN+ Will+ rCorr
                  | EV-5}
  9067 | D:11     | Found a transporter.
  9274 | D:11     | Noticed a two-headed ogre
  9279 | D:11     | Killed a two-headed ogre
  9501 | Lair:1   | Entered Level 1 of the Lair of Beasts
  9838 | Lair:1   | XOM: silly message
  9913 | Lair:1   | XOM: divine lightning
  9919 | Lair:1   | XOM: potion effect (invisibility)
  9925 | Lair:1   | Reached skill level 11 in Fighting
  9990 | Lair:1   | XOM: confuse monster(s)
 10045 | Lair:1   | XOM: noise
 10214 | Lair:1   | XOM: summons 4 hostile shadow creatures
 10291 | Lair:1   | XOM: torment (56/110 hp)
 10551 | Lair:1   | XOM: summons 1 hostile shadow creature
 10683 | Lair:2   | XOM: noise
 10711 | Lair:2   | Reached skill level 10 in Armour
 10770 | Lair:2   | Reached skill level 21 in Axes
 10771 | Lair:2   | Noticed a catoblepas
 10776 | Lair:2   | a catoblepas changed into an azure jelly
 10776 | Lair:2   | Noticed an azure jelly
 10776 | Lair:2   | XOM: polymorph catoblepas -> azure jelly
 10792 | Lair:2   | Demolished by an azure jelly

Vanquished Creatures
  Erolcha (D:11)
  2 two-headed ogres
  Amaemon (D:9)
  A manticore (D:11)
  An ugly thing (D:11)
  Joseph (D:8)
  A rime drake (Lair:1)
  A gargoyle (D:10)
  Jeremiah (D:8)
  An orange demon (D:9)
  5 kobold demonologists
  An unseen horror (D:11)
  A komodo dragon (Lair:2)
  3 cane toads (Lair:1)
  2 polar bears (Lair:2)
  A troll (D:11)
  Prince Ribbit (D:8)
  3 wyverns
  40 yaks
  2 vampires
  A steam dragon (D:9)
  2 wraiths (D:10)
  2 wargs (D:11)
  3 water moccasins
  An acid dragon (D:11)
  2 orc warriors
  4 ice beasts
  4 sky beasts
  4 black bears
  3 wolves (Lair:1)
  4 centaurs
  A phantom (D:5)
  5 kobold brigands
  4 bullfrogs
  3 scorpions
  A wight (D:7)
  6 howler monkeys
  An electric eel (D:9)
  3 hounds
  2 jellies
  2 gnoll boudas
  5 orc priests
  3 iguanas
  Terence (D:2)
  12 orc wizards
  12 gnolls
  10 adders
  A white imp (D:6)
  3 ufetubi
  4 dart slugs
  30 orcs
  14 ball pythons
  11 endoplasms
  2 giant cockroaches (D:4)
  7 goblins
  4 hobgoblins
  4 jackals (D:3)
  4 quokkas
  2 bats (D:1)
  5 frilled lizards
  21 kobolds
  5 rats
288 creatures vanquished.

Table legend: (Time is in decaauts)
 A = Elapsed time spent in this place.
 B = Non-inter-level travel time spent in this place.
 C = Inter-level travel time spent in this place.
 D = Time resting spent in this place.
 E = Time spent auto-exploring this place.
 F = Levels seen in this place.
 G = Mean time per level.
                   A        B        C        D        E       F      G
               +--------+--------+--------+--------+--------+-----+--------+
         Total |  11366 |  11037 |    329 |    860 |   8710 |  13 |  874.3 |
       Dungeon |  10019 |   9696 |    323 |    750 |   7617 |  11 |  910.8 |
          Lair |   1346 |   1341 |      5 |    109 |   1092 |   2 |  673.0 |
               +--------+--------+--------+--------+--------+-----+--------+

Top non-repeatable levels by time:
     D:9: 1478 daAuts
     D:6: 1278 daAuts
  Lair:1: 1176 daAuts
    D:11: 1153 daAuts
     D:3: 1093 daAuts
     D:7: 1029 daAuts
     D:8: 844 daAuts
     D:5: 818 daAuts
     D:2: 799 daAuts
     D:4: 580 daAuts
     D:1: 543 daAuts
    D:10: 400 daAuts
  Lair:2: 170 daAuts

Table legend:
 A = Non-vault XP
 B = Vault XP
 C = Vault XP percentage of total XP
 D = Non-vault monster count
 E = Vault monster count
 F = Vault count percentage of total count
                 A         B        C        D         E       F
            +---------+---------+-------+---------+---------+-------
      Total |   20702 |    7439 |  26.4 |     234 |      54 |  18.8
            +---------+---------+-------+---------+---------+-------
        D:1 |      34 |       0 |   0.0 |      22 |       0 |   0.0
        D:2 |     104 |      48 |  31.6 |      20 |       4 |  16.7
        D:3 |     304 |       0 |   0.0 |      28 |       0 |   0.0
        D:4 |     239 |      21 |   8.1 |      21 |       5 |  19.2
        D:5 |     665 |       0 |   0.0 |       7 |       0 |   0.0
        D:6 |    1509 |     246 |  14.0 |      22 |       3 |  12.0
        D:7 |    1035 |     463 |  30.9 |      20 |       6 |  23.1
        D:8 |     735 |    1162 |  61.3 |      11 |       3 |  21.4
        D:9 |    5723 |    4041 |  41.4 |      34 |      16 |  32.0
       D:10 |    1154 |       0 |   0.0 |       9 |       0 |   0.0
       D:11 |    3744 |    1458 |  28.0 |      17 |      17 |  50.0
     Lair:1 |    4472 |       0 |   0.0 |      20 |       0 |   0.0
     Lair:2 |     984 |       0 |   0.0 |       3 |       0 |   0.0
            +---------+---------+-------+---------+---------+-------
